Map: New Repugnancy LE

Players

MrMouse

  • Race: Zerg Zerg
  • League: Diamond
  • Spawn Location: 1:00

yjzhou - Winner!

  • Race: Terran Terran
  • League: Platinum
  • Spawn Location: 7:00

VOD

Have the link to the VOD?

Description

Time

  • Played on: July 7, 2019, 11:35 a.m.
  • Length: 26:14
Show
View Real Time Build Order
Export as new Build Order

MrMouse Zerg 

Build Orders: Pool First, Swarm Host 

Get SALT Encoding   

  12  0:01  Drone  
  13  0:08  Drone  
  14  0:27  Spawning Pool  
  13  0:30  Drone  
  13  0:34  Extractor  
  13  0:37  Drone  
  14  0:45  Overlord  
  14  0:52  Extractor  
  13  0:58  Drone  
  14  1:13  Drone x3  
  17  1:24  Drone  
  18  1:26  Queen  
  20  1:43  Drone  
  21  1:56  Drone  
  21  1:57  Overlord  
  22  2:02  Lair  
  22  2:22  Zergling x4  
  24  2:34  Spine Crawler  
  23  2:37  Drone  
  24  2:50  Drone x2  
  26  3:02  Infestation Pit  
  25  3:07  Drone x4  
  29  3:14  Nydus Network  
  28  3:28  Queen  
  28  3:34  Overlord  
  30  3:36  Overlord  
  30  3:41  Spore Crawler  
  28  3:56  Swarm Host x2  
  33  4:05  Swarm Host x2  
  33  4:06  Swarm Host  
  42  4:16  Overlord  
  42  4:19  Zergling x2  
  43  4:31  Swarm Host  
  43  4:36  Swarm Host  
  49  4:41  Swarm Host  
  49  4:44  Overlord  
  52  4:49  Spore Crawler  
  52  4:52  Spore Crawler  
  50  4:58  Nydus Canal  
  50  5:23  Swarm Host x4  
  62  5:38  Overseer  
  62  5:40  Overseer  
  62  6:08  Overlord x2  
  62  6:14  Nydus Canal  
  62  6:25  Overlord x2  
  62  6:26  Overlord  
  62  6:56  Nydus Canal  
  62  7:07  Swarm Host x5  
  76  8:01  Nydus Canal  
  76  8:02  Swarm Host x4  
  88  8:47  Swarm Host x3  
  80  10:03  Queen  
  70  10:41  Infestation Pit  
  69  11:03  Hatchery  
  68  11:10  Overlord x3  
  68  11:34  Infestor x4  
  76  11:54  Drone x3  
  79  12:05  Swarm Host  
  79  12:54  Swarm Host x2, Infestor  
  79  12:55  Infestor  
  89  13:32  Drone  
  89  13:33  Drone x5  
  95  13:47  Extractor  
  95  13:48  Extractor  
  84  14:05  Swarm Host x5  
  84  14:06  Swarm Host x2  
  105  14:22  Nydus Canal  
  67  15:17  Hatchery  
  66  15:23  Drone  
  66  15:24  Drone x2  
  69  15:32  Hatchery  
  69  15:35  Hatchery  
  67  15:37  Extractor  
  67  15:38  Extractor  
  59  16:07  Spore Crawler  
  58  16:33  Neural Parasite  
  55  16:53  Queen  
  57  16:55  Spore Crawler  
  57  16:56  Spore Crawler  
  52  17:01  Queen  
  54  17:11  Queen  
  54  17:12  Drone x3  
  59  17:16  Drone x2  
  59  17:17  Drone  
  62  17:37  Queen  
  64  17:49  Drone x3  
  67  17:54  Drone x3  
  67  17:55  Drone x3  
  73  18:12  Spawning Pool  
  72  18:32  Spore Crawler, Drone  
  72  18:33  Drone x4  
  64  19:06  Spore Crawler, Metabolic Boost  
  64  19:08  Spore Crawler, Zergling x10  
  67  19:12  Drone  
  68  19:21  Zergling x2  
  68  19:22  Zergling x4  
  69  19:40  Drone x4  
  69  19:42  Drone  
  74  19:47  Drone  
  75  19:56  Drone x2  
  75  19:58  Drone  
  78  20:02  Drone  
  78  20:24  Zergling x2  
  78  20:25  Zergling x12  
  78  20:26  Zergling x4  
  86  20:39  Swarm Host  
  86  20:40  Swarm Host  
  91  20:52  Extractor  
  91  20:53  Extractor  
  91  20:54  Swarm Host  
  91  20:55  Drone, Extractor  
  91  20:56  Drone x5, Extractor  
  91  21:13  Spore Crawler  
  90  21:34  Swarm Host  
  93  22:03  Drone x3  
  93  22:04  Drone x7  
  93  22:05  Drone x4  
  89  22:28  Swarm Host x3  
  84  22:33  Zergling x2  
  84  22:34  Zergling x6  
  84  22:35  Zergling x2  
  66  22:50  Drone  
  65  23:03  Queen  
  65  23:04  Spire  
  66  23:09  Queen  
  66  23:10  Drone  
  66  23:11  Drone  
  70  23:13  Drone  
  58  24:05  Drone x3  
  58  24:07  Spore Crawler  
  58  24:25  Drone  
  58  24:49  Queen  
Show
View Real Time Build Order
Export as new Build Order

yjzhou Terran - Winner!

Build Orders:  

Get SALT Encoding   

  12  0:00  SCV  
  13  0:13  SCV  
  14  0:17  Supply Depot  
  14  0:25  SCV  
  15  0:39  SCV  
  15  0:42  Barracks  
  16  0:46  Refinery  
  16  0:51  SCV  
  17  1:03  SCV  
  18  1:15  SCV  
  19  1:27  SCV  
  19  1:29  Reaper  
  21  1:47  Orbital Command, Command Center  
  21  1:56  Supply Depot  
  21  2:13  SCV  
  21  2:18  Barracks Reactor  
  21  2:23  Refinery  
  21  2:25  Factory  
  21  2:32  Barracks  
  21  2:34  SCV  
  22  2:46  SCV  
  23  2:57  Marine  
  23  2:58  Marine  
  24  3:07  SCV  
  24  3:11  Factory Tech Lab  
  25  3:13  Starport  
  25  3:19  Supply Depot  
  25  3:20  SCV  
  25  3:21  Orbital Command  
  26  3:28  Barracks Tech Lab  
  26  3:29  Engineering Bay  
  26  3:36  Marine x2  
  26  3:40  Widow Mine  
  29  4:00  Marine x3  
  29  4:02  SCV x2  
  34  4:06  Supply Depot  
  34  4:11  Supply Depot  
  34  4:18  Marine  
  34  4:21  SCV x2  
  34  4:22  Terran Infantry Weapons Level 1  
  37  4:25  Marine x2  
  37  4:28  Widow Mine  
  41  4:34  SCV x2  
  43  4:39  Marine  
  43  4:41  Refinery  
  43  4:42  Medivac  
  46  4:46  SCV x2  
  46  4:50  Siege Tank  
  51  4:57  Marine x2  
  51  4:59  SCV  
  54  5:00  SCV  
  55  5:11  SCV  
  56  5:21  SCV  
  56  5:23  SCV  
  56  5:33  SCV  
  57  5:40  Marine x2  
  57  5:42  Starport Tech Lab  
  59  5:47  Factory Tech Lab  
  59  5:48  Barracks Tech Lab  
  59  5:49  SCV x2  
  59  5:58  Marine x2  
  59  6:01  Sensor Tower, SCV x2  
  59  6:03  Banshee  
  59  6:04  Cloaking Field, Command Center  
  66  6:12  Supply Depot  
  66  6:13  SCV x2  
  66  6:16  Marine, Sensor Tower  
  66  6:18  Marine  
  70  6:33  Siege Tank, Marine x2, SCV  
  70  6:34  SCV  
  70  6:36  Marine  
  78  6:51  Barracks, Starport  
  78  6:52  Barracks  
  78  7:08  Command Center  
  78  7:15  Marine x2, SCV x2, Banshee  
  89  7:16  Widow Mine, Marauder  
  88  7:27  SCV  
  83  7:33  Marine x2  
  83  7:36  Marine  
  82  7:46  Siege Tank, Supply Depot  
  85  7:56  Starport Reactor  
  85  7:58  Barracks Reactor x2  
  85  8:19  Marine x2, Banshee  
  77  8:36  Widow Mine  
  77  8:37  Marine x2  
  75  8:52  Marine x3  
  75  8:55  Marine x2  
  80  8:57  Siege Tank  
  80  9:01  Barracks  
  81  9:13  Marine x2  
  81  9:16  Marine x4  
  82  9:19  SCV  
  82  9:20  SCV  
  80  9:31  Marine x2  
  69  9:32  SCV  
  69  9:33  Marine  
  69  9:34  Marine x2  
  69  9:39  Marine  
  69  9:41  Factory Tech Lab  
  67  9:48  Marine x2  
  66  9:57  Marine  
  64  10:08  Marine x5  
  64  10:09  Siege Tank  
  72  10:15  Marine  
  71  10:25  Marine  
  71  10:26  Marine x2  
  71  10:27  SCV x3  
  76  10:28  Marine  
  68  10:37  Marine x2  
  68  10:39  SCV x3  
  71  10:45  Marine x2  
  68  10:57  Orbital Command  
  68  11:00  Liberator  
  65  11:06  Supply Depot  
  65  11:10  Liberator, Engineering Bay, Supply Depot  
  65  11:12  SCV x2, Supply Depot x2  
  65  11:14  Marine  
  65  11:15  Marine x3  
  74  11:24  SCV  
  75  11:31  Marine  
  75  11:32  Marine, Banshee  
  82  11:43  Fusion Core  
  82  11:49  SCV x3  
  82  11:50  Refinery  
  82  11:52  Marine x5  
  90  11:57  SCV  
  90  12:01  SCV x2  
  93  12:15  SCV  
  93  12:16  Marine x3, SCV x3  
  93  12:17  Marine x2  
  93  12:18  Banshee  
  105  12:22  Sensor Tower  
  105  12:27  SCV  
  105  12:28  SCV x2  
  108  12:34  Marine  
  106  12:41  Marine x2  
  106  12:42  Marine  
  103  12:52  Marine  
  103  12:53  Barracks Tech Lab  
  103  12:59  Marine x3  
  104  13:06  Liberator, Banshee  
  104  13:09  SCV  
  108  13:22  SCV  
  108  13:23  Marine  
  108  13:26  Marine x2  
  108  13:27  SCV  
  104  13:53  Command Center  
  104  13:54  Command Center  
  95  13:56  Command Center  
  95  14:01  Weapon Refit  
  88  14:36  Orbital Command  
  82  14:48  Liberator  
  71  15:05  Marine x4, Battlecruiser, SCV  
  71  15:06  Marine  
  69  15:17  SCV  
  69  15:24  Marauder, Marine x4  
  75  15:29  SCV  
  76  15:41  Marine, SCV  
  76  15:42  Marine x3  
  78  15:45  Marine  
  80  15:54  SCV  
  76  15:59  Marine x2  
  72  16:21  Engineering Bay  
  68  16:37  Marine x5  
  58  16:54  Marine  
  58  16:55  Marine x3  
  48  17:17  Planetary Fortress  
  48  17:19  Planetary Fortress  
  48  17:34  Marine x5  
  53  17:37  Orbital Command  
  53  17:52  Marine x2, SCV  
  53  17:55  SCV  
  57  18:03  SCV x3  
  57  18:05  SCV  
  61  18:10  Marine x3  
  64  18:33  Marine x5  
  69  18:35  SCV x5  
  74  18:47  SCV x2  
  57  19:04  Barracks  
  57  19:06  Barracks  
  57  19:07  Combat Shield  
  57  19:09  Barracks  
  57  19:12  Battlecruiser  
  57  19:16  Planetary Fortress  
  63  19:17  Marine  
  63  19:18  Marine x4  
  68  19:30  Refinery  
  68  19:34  Refinery  
  65  19:39  Marine x5  
  70  19:46  SCV x3  
  70  19:47  SCV  
  70  19:49  Supply Depot  
  70  19:50  Refinery  
  74  19:52  Refinery  
  74  19:58  Marauder, SCV  
  78  20:07  SCV x4  
  78  20:10  Marine x2, SCV  
  84  20:19  SCV x3  
  87  20:22  Marine x3  
  87  20:26  SCV x2  
  87  20:27  Marine  
  93  20:31  SCV  
  93  20:32  Marine  
  96  20:40  Marine  
  96  20:41  Marauder  
  99  20:43  Orbital Command  
  99  20:49  Stimpack  
  92  20:55  Marine x3  
  90  20:57  SCV x3  
  90  20:58  Marine  
  90  21:00  Refinery  
  90  21:02  Marauder  
  96  21:06  Refinery  
  96  21:17  Barracks Tech Lab x3  
  96  21:18  SCV x2  
  96  21:19  SCV  
  99  21:59  SCV x3  
  99  22:15  SCV  
  99  22:16  Marine  
  99  22:19  SCV  
  99  22:20  Marine, SCV  
  99  22:21  Marine x2  
  98  22:23  Marauder  
  91  22:33  Battlecruiser  
  91  22:34  Marine  
  98  22:38  Marine  
  98  22:39  Marine  
  99  22:46  SCV x2  
  99  22:50  SCV  
  99  22:52  Marine, SCV  
  99  22:53  Marine  
  99  22:54  SCV  
  99  22:56  Marine  
  99  22:57  Marine  
  99  22:59  SCV  
  98  23:06  SCV  
  98  23:07  Supply Depot  
  98  23:09  Supply Depot x2  
  98  23:11  Liberator, Refinery, Supply Depot  
  99  23:13  Liberator, Refinery  
  99  23:21  Terran Infantry Armor Level 1  
  99  23:28  Marine x2  
  99  23:29  Marauder, SCV  
  99  23:30  Marine x2, SCV, Supply Depot  
  113  23:36  Raven  
  112  23:50  Marauder  
  112  23:51  SCV x2  
  112  23:53  Marine x4  
  112  23:54  SCV  
  112  23:55  SCV  
  123  24:02  SCV  
  123  24:03  SCV x2  
  123  24:06  Marauder x2  
  123  24:07  Marauder  
  123  24:08  Concussive Shells  
  123  24:09  SCV x2  
  133  24:10  Marine  
  133  24:11  Marine x3  
  133  24:12  Marauder  
  138  24:27  Marine, Supply Depot  
  122  24:48  Marine x2  
  124  25:09  Supply Depot x4  
  124  25:10  Supply Depot  
  124  25:16  Marine, SCV  
  124  25:25  Command Center  
  118  26:00  SCV x2  
Tags
 
Add a new tag
Caveats
  • Supply blocks, unpowered buildings, or Contaminate may cause inaccurate times.
  • Supply counts are checked every 10 seconds.